 Dungeon Crawl Stone Soup version 0.21.0 (webtiles) character file.

2811 mortelune the Spear-Bearer (level 9, 0/69 HPs)
             Began as a Merfolk Skald on Jan 5, 2018.
             Was an Initiate of Okawaru.
             Slain by a meliai
             ... wielding a +0 hand axe
              (4 damage)
             ... on level 8 of the Dungeon.
             The game lasted 00:35:31 (13732 turns).

mortelune the Spear-Bearer (Merfolk Skald)         Turns: 13732, Time: 00:35:31

Health: 0/69       AC: 10    Str: 15    XL:     9   Next: 72%
Magic:  15/16      EV: 14    Int:  7    God:    Okawaru [......]
Gold:   217        SH:  0    Dex: 13    Spells: 7/18 levels left

rFire    + . .     SeeInvis .   z - +1 trident
rCold    x . .     Gourm    .   (no shield)
rNeg     . . .     Faith    .   F - +3 ring mail of Xouliss {rElec rPois MR- Int-5}
rPois    +         Spirit   .   k - +2 hat
rElec    +         Reflect  .   o - scarf {repulsion}
rCorr    +         Harm     .   (no gloves)
MR       .....                  (no boots)
Stlth    +.........             B - amulet of magic regeneration
HPRegen  0.21/turn              D - ring of resist corrosion
MPRegen  0.40/turn              G - ring of fire

@: hasted, repel missiles, very quick
A: change form in water, swift swim, stealthy swim
a: Renounce Religion


You were on level 8 of the Dungeon.
You worshipped Okawaru.
Okawaru was noncommittal.
You were very hungry.

You visited 2 branches of the dungeon, and saw 9 of its levels.

You collected 424 gold pieces.
You spent 207 gold pieces at shops.

Inventory:

Hand Weapons
 a - a +0 spear
 z - a +1 trident (weapon)
Missiles
 j - 3 poisoned tomahawks (quivered)
Armour
 b - a +0 leather armour
 i - a +0 ring mail
 k - a +2 hat (worn)
 o - a scarf of repulsion (worn)
 v - a +0 scale mail
 F - the +3 ring mail of Xouliss (worn) {rElec rPois MR- Int-5}
   (You bought it in a shop on level 4 of the Dungeon)

   It affects your intelligence (-5).
   It insulates you from electricity.
   It protects you from poison.
   It affects your resistance to hostile enchantments.
Jewellery
 B - an amulet of magic regeneration (around neck)
 D - a ring of resist corrosion (left hand)
 G - a ring of fire (right hand)
Wands
 x - a wand of polymorph (9)
 C - a wand of acid (3)
Scrolls
 e - 3 scrolls of teleportation
 g - a scroll of enchant weapon
 h - a scroll of identify
 l - 5 scrolls of remove curse
 n - a scroll of random uselessness
 p - a scroll of enchant armour {unknown}
 q - a scroll of noise {unknown}
 r - a scroll of fear {unknown}
 t - a scroll of magic mapping {unknown}
 u - a scroll of immolation {unknown}
 y - a scroll of amnesia {unknown}
 H - a scroll of fog {unknown}
Potions
 m - a potion of berserk rage
 s - 4 potions of lignification
 w - 2 potions of ambrosia
 A - a potion of haste
Books
 c - a book of Battle

   Spells                             Type                      Level
   a - Infusion                       Charms                       1
   b - Shroud of Golubria             Charms/Translocation         2
   c - Song of Slaying                Charms                       2
   d - Spectral Weapon                Hexes/Charms                 3
   e - Regeneration                   Charms/Necromancy            3
 E - a book of Maledictions

   Spells                             Type                      Level
   a - Corona                         Hexes                        1
   b - Ensorcelled Hibernation        Hexes/Ice                    2
   c - Confuse                        Hexes                        3
   d - Tukima's Dance                 Hexes                        3
   e - Dazzling Spray                 Conjuration/Hexes            3
Comestibles
 d - 13 rations


   Skills:
 + Level 6.1 Fighting
 * Level 11.1 Polearms
 + Level 1.8 Armour
 + Level 6.6 Dodging
 + Level 5.1 Spellcasting
 + Level 6.7 Charms


You had 7 spell levels left.
You knew the following spells:

 Your Spells              Type           Power        Failure   Level  Hunger
a - Infusion              Chrm           ##..         3%          1    #......
b - Song of Slaying       Chrm           ##......     4%          2    ###....
c - Shroud of Golubria    Chrm/Tloc      #.........   21%         2    ###....
d - Spectral Weapon       Hex/Chrm       #.......     36%         3    ###....
e - Regeneration          Chrm/Necr      #.........   36%         3    ###....


Dungeon Overview and Level Annotations

Branches:
Dungeon (8/15)             Temple (1/1) D:7
   Lair: D:8-11

Altars:
Ashenzari
Cheibriados
Dithmenos
Fedhas
Gozag
Hepliaklqana
Kikubaaqudgha
Makhleb
Nemelex Xobeh
Okawaru
Qazlal
Ru
Sif Muna
Trog
Uskayaw
Vehumet
Wu Jian
Xom
Yredelemnul
Zin
The Shining One

Shops:
D:4 [

Annotations:
D:6 1 runed door


Message History

You hit the meliai.
The meliai is almost dead.
The meliai hits you but does no damage. The meliai stings you.
You are poisoned.
The meliai poisons you! The howler monkey barely misses you.
The meliai hits you with a hand axe!
* * * LOW HITPOINT WARNING * * *
Your shroud falls apart!
The meliai misses you.
You feel better.
The meliai mumbles some strange prayers to its god against you.
Something smites you!
* * * LOW HITPOINT WARNING * * *
The howler monkey hits you but does no damage.
The meliai hits you with a hand axe!
* * * LOW HITPOINT WARNING * * *
The meliai stings you but does no damage.
Okay, then.
You feel yourself speed up. The meliai misses you. The meliai stings you.
You die...

#............##. ....###....
#............# .........#.
#.....(......# .....#......
#####...########.##.............
#...............................
######....#.#.##.##>............
#....._..##.##.............
#....#.#........###.###....
#.......##@y###.# #. ......
#.........h.## . .......
#............# # .......
#........#..## #..#..
#.......##.## ...#..
####....(..# #. #.......#.# #.
#.......#.# . #.........## ..


You could see a meliai and a howler monkey.

Vanquished Creatures
  A wyvern (D:8)
  Eustachio (D:6)
  Menkaure (D:5)
  Edmund (D:6)
  2 orc warriors (D:6)
  2 sky beasts
  2 phantoms (D:4)
  An ice beast (D:6)
  2 ogres
  A centaur (D:6)
  2 bullfrogs
  2 scorpions
  3 wights (D:8)
  3 howler monkeys
  3 crimson imps
  3 hounds
  A jelly (D:8)
  2 orc wizards
  3 orc priests
  2 bullfrog skeletons
  Jessica (D:3)
  4 iguanas
  Natasha (thrice) (D:3)
  A worker ant (D:5)
  A hound zombie (D:7)
  Robin (D:3)
  2 worker ant zombies
  4 gnolls (D:3)
  6 adders
  An ooze (D:5)
  An adder zombie (D:5)
  3 worms
  A dart slug (D:1)
  7 leopard geckos
  19 orcs
  3 ball pythons
  6 bats
  6 giant cockroaches
  10 goblins
  12 hobgoblins
  6 jackals
  5 quokkas
  6 frilled lizards
  2 kobolds
  A quokka zombie (D:8)
  2 rats
152 creatures vanquished.

Vanquished Creatures (others)
  3 spectral weapons (D:8)
3 creatures vanquished.

Grand Total: 155 creatures vanquished

Notes
Turn   | Place    | Note
-------+----------+-------------------------------------------
     0 | D:1      | mortelune the Merfolk Skald began the quest for the Orb.
     0 | D:1      | Reached XP level 1. HP: 16/16 MP: 3/3
   434 | D:1      | Reached XP level 2. HP: 22/22 MP: 5/5
   619 | D:1      | Learned a level 2 spell: Song of Slaying
   622 | D:1      | Learned a level 2 spell: Shroud of Golubria
  1485 | D:2      | Reached skill level 1 in Armour
  1491 | D:2      | Reached XP level 3. HP: 23/28 MP: 0/6
  2029 | D:2      | Reached skill level 4 in Polearms
  2234 | D:2      | Found a sacrificial altar of Ru.
  2431 | D:3      | Reached XP level 4. HP: 32/34 MP: 3/7
  2488 | D:3      | Noticed Jessica
  2493 | D:3      | Killed Jessica
  2628 | D:3      | Reached XP level 5. HP: 26/40 MP: 5/8
  2772 | D:3      | Noticed Robin
  2804 | D:3      | Reached skill level 5 in Polearms
  3361 | D:3      | Found a blossoming altar of Fedhas.
  3400 | D:3      | Killed Robin
  3400 | D:3      | Reached XP level 6. HP: 26/47 MP: 0/10
  4307 | D:3      | Noticed Natasha
  4334 | D:3      | Killed Natasha
  4334 | D:3      | Reached skill level 6 in Polearms
  4335 | D:3      | Found a sacrificial altar of Ru.
  4660 | D:3      | Noticed Natasha
  4672 | D:3      | Killed Natasha
  4888 | D:4      | Noticed a phantom
  4926 | D:3      | Noticed Natasha
  5135 | D:3      | Killed Natasha
  5404 | D:4      | Reached XP level 7. HP: 46/53 MP: 1/11
  5539 | D:4      | Found a shimmering altar of Xom.
  5589 | D:4      | Reached skill level 7 in Polearms
  6260 | D:4      | Reached skill level 5 in Charms
  6496 | D:4      | Found Guuwin's Antique Armour Shoppe.
  6548 | D:4      | Learned a level 3 spell: Spectral Weapon
  6552 | D:4      | Learned a level 3 spell: Regeneration
  6830 | D:5      | Entered Level 5 of the Dungeon
  7310 | D:5      | Noticed Menkaure
  7487 | D:5      | Reached skill level 8 in Polearms
  7487 | D:5      | Reached XP level 8. HP: 60/61 MP: 7/13
  8136 | D:5      | Found an ornate altar of the Wu Jian Council.
  8336 | D:5      | Killed Menkaure
  8381 | D:6      | Reached skill level 9 in Polearms
  8381 | D:6      | Reached skill level 5 in Dodging
  8521 | D:6      | Found an opulent altar of Gozag.
  8545 | D:6      | Reached skill level 5 in Fighting
  9002 | D:6      | Reached XP level 9. HP: 15/68 MP: 13/15
  9206 | D:6      | Reached skill level 10 in Polearms
  9294 | D:6      | Noticed Edmund
  9319 | D:6      | Killed Edmund
  9563 | D:6      | Noticed Eustachio
  9693 | D:6      | Found a runed door.
  9742 | D:6      | Killed Eustachio
 10945 | D:7      | Found a staircase to the Ecumenical Temple.
 10959 | Temple   | Entered the Ecumenical Temple
 10966 | Temple   | Became a worshipper of Warmaster Okawaru
 11375 | D:7      | Found a glowing golden altar of the Shining One.
 11508 | D:4      | Bought a dazzling ring mail for 207 gold pieces
 11518 | D:4      | Identified the +3 ring mail of Xouliss {rElec rPois MR- Int-5} (You bought it in a shop on level 4 of the Dungeon)
 11911 | D:8      | Reached skill level 5 in Spellcasting
 11914 | D:8      | Found a stormy altar of Qazlal.
 12145 | D:8      | Noticed a two-headed ogre
 12285 | D:8      | HP: 1/69 [two-headed ogre/giant club (8)]
 12627 | D:8      | Reached skill level 11 in Polearms
 12646 | D:8      | Found a glowing silver altar of Zin.
 12783 | D:8      | Noticed a meliai
 12797 | D:7      | Found a radiant altar of Vehumet.
 12797 | D:7      | Found a deep blue altar of Sif Muna.
 12797 | D:7      | Found a basalt altar of Yredelemnul.
 13731 | D:8      | HP: 3/69 [meliai/hand axe (7)]
 13732 | D:8      | Slain by a meliai

Skill      XL: |  1  2  3  4  5  6  7  8  9 |
---------------+----------------------------+-----
Armour         | 1 |  1.8
Polearms       | 4 5 6 8 9 11 | 11.1
Fighting       | 3 4 5 6 |  6.1
Charms         | 4 5 6 |  6.7
Spellcasting   | 3 4 5 |  5.1
Dodging        | 3 4 5 6 |  6.6

Action                   |  1- 3 |  4- 6 |  7- 9 || total
-------------------------+-------+-------+-------++-------
Melee: Spear             |   166 |   297 |   257 ||   720
       Trident           |       |       |   367 ||   367
 Cast: Infusion          |     5 |     5 |    14 ||    24
       Shroud of Golubri |     8 |     8 |    27 ||    43
       Song of Slaying   |     1 |     5 |     2 ||     8
       Spectral Weapon   |       |       |     6 ||     6
       Regeneration      |       |       |     3 ||     3
  Use: Potion            |       |     1 |     6 ||     7
       Scroll            |       |       |    11 ||    11
  Eat: Chunk             |     6 |     6 |    20 ||    32
       Ration            |       |     1 |     3 ||     4
Armor: Leather armour    |    21 |       |       ||    21
       Ring mail         |    38 |    70 |    39 ||   147
       Scale mail        |       |       |   148 ||   148
Dodge: Dodged            |   126 |   152 |   314 ||   592
       Deflected         |       |     3 |     2 ||     5
